 Dungeon Crawl Stone Soup version 0.20-a0-1124-g2e29d97 (webtiles) character file.

301698 kuniqs the Warrior (level 20, -20/292 HPs)
             Began as a Minotaur Berserker on May 16, 2017.
             Was the Champion of Trog.
             Demolished by a titanic slime creature (79 damage)
             ... on level 3 of the Abyss on May 17, 2017.
             The game lasted 01:33:25 (39084 turns).

kuniqs the Warrior (Minotaur Berserker)            Turns: 39084, Time: 01:33:26

Health: -20/292    AC: 30    Str: 31    XL:     20   Next: 20%
Magic:  8/8        EV: 20    Int:  4    God:    Trog [******]
Gold:   1768       SH:  0    Dex: 15    Spells: 19/19 levels left

rFire    + . .     SeeInvis .   X - +8 battleaxe (antimagic)
rCold    . . .     Gourm    .   (shield currently unavailable)
rNeg     + . .     Faith    .   Y - +2 plate armour {rN+}
rPois    +         Spirit   .   (helmet restricted)
rElec    .         Reflect  .   B - +2 cloak {rPois}
rCorr    .         Harm     .   C - +1 pair of gloves "Orikhluur" {rPois}
MR       +++..                  y - +0 pair of boots {run}
Stlth    ..........             O - amulet of regeneration
Regen    2.0/turn               m - ring of protection from fire
MPRegen  0.2/turn               g - +5 ring of protection

@: berserking, regenerating, very quick
A: retaliatory headbutt, hooves 1, horns 2, deformed body, screaming 1, shaggy
fur 1
}: 2/15 runes: barnacled, gossamer
a: Berserk, Trog's Hand, Brothers in Arms, Burn Spellbooks, Renounce Religion


You were on level 3 of the Abyss.
You worshipped Trog.
Trog was exalted by your worship.
You were very hungry.

You visited 7 branches of the dungeon, and saw 34 of its levels.
You visited the Abyss 1 time.
You also visited: Labyrinth.

You collected 3565 gold pieces.
You spent 1797 gold pieces at shops.

Inventory:

Hand Weapons
 c - a +3 antimagic executioner's axe
 P - the +8 trident of the Octopus King {venom, rElec rPois MR+}
   (You found it on level 2 of the Lair of Beasts)

   It poisons the flesh of those it strikes.
   It insulates you from electricity.
   It protects you from poison.
   It affects your resistance to hostile enchantments.
 X - a +8 antimagic battleaxe (weapon)
Missiles
 x - 6 throwing nets (quivered)
Armour
 y - a +0 pair of boots of running (worn)
 B - a +2 cloak of poison resistance (worn)
 C - the +1 pair of gloves "Orikhluur" (worn) {rPois}
   (You bought it in a shop on level 2 of the Depths)

   It protects you from poison.
 Y - a +2 plate armour of positive energy (worn)
Jewellery
 g - a +5 ring of protection (right hand)
 m - a ring of protection from fire (left hand)
 p - an uncursed ring of protection from fire
 O - an amulet of regeneration (around neck)
Wands
 a - a wand of acid (10/15)
 t - a wand of confusion (36/48)
 w - a wand of scattershot (1/9)
 K - a wand of digging (12/24)
 U - a wand of iceblast (4/15)
Scrolls
 i - 16 scrolls of teleportation
 j - 2 scrolls of summoning
 k - 7 scrolls of recharging
 l - 2 scrolls of fog
 v - 9 scrolls of remove curse {@r2}
 A - a scroll of brand weapon
 D - 3 scrolls of enchant armour
 G - a scroll of blinking
 J - 2 scrolls of immolation
 N - 2 scrolls of silence
 Q - 6 scrolls of fear
 V - 5 scrolls of magic mapping
Potions
 n - 4 potions of heal wounds
 o - 5 potions of haste
 q - 12 potions of curing {@q1}
 u - 3 potions of mutation
 z - 2 potions of might
 E - a potion of resistance
 H - 3 potions of agility
 R - a potion of cancellation
 T - 4 potions of invisibility
Miscellaneous
 r - 2 sacks of spiders
 s - a lightning rod (4/4)
 I - 3 boxes of beasts
Comestibles
 d - 22 bread rations
 e - 11 meat rations
 f - 22 fruits
 W - 2 royal jellies


   Skills:
 + Level 20.5 Fighting
 - Level 20.2 Axes
 + Level 20.1 Armour
 + Level 18.8 Dodging
 - Level 10.0 Evocations


You had 19 spell levels left.
You didn't know any spells.

Dungeon Overview and Level Annotations

Branches:
Dungeon (15/15)            Temple (1/1) D:7            Lair (6/6) D:10
 Shoals (4/4) Lair:2       Spider (4/4) Lair:3        Slime (0/5) Lair:6
    Orc (2/2) D:11            Elf (0/3) Orc:2        Vaults (0/5) D:13
 Depths (2/5) D:15

Altars:
Cheibriados
Elyvilon
Kikubaaqudgha
Makhleb
Trog
Wu Jian
Xom
Zin
Beogh
Jiyva

Shops:
Orc:2 =*[(   Shoals:4 }   Depths:2 **[

Portals:
Hell: Depths:1 Depths:2
Abyss: Depths:2
Ziggurat: Depths:2

Annotations:
Lair:2 exclusion: 4 oklob plants
Spider:2 exclusion: 4 doors


Innate Abilities, Weirdness & Mutations

You reflexively headbutt those who attack you in melee.
You have a pair of horns on your head.
You have large cloven feet.
Armour fits poorly on your strangely shaped body.
You occasionally shout uncontrollably at your foes.
You are covered in fur. (AC +1)


Message History

The Executioner hits you but does no damage.
The titanic slime creature hits you!!!
* * * LOW HITPOINT WARNING * * *
The large abomination hits you but does no damage. x2
A large abomination comes into view.
You slash the titanic slime creature! You hit the Executioner.
The Executioner's magic leaks into the air.
You slash the large abomination!
You destroy the large abomination!
Trog accepts your kill.
You barely miss the large abomination. You hit the glowing orange brain.
The glowing orange brain's magic leaks into the air.
You slice the cacodemon!!
The cacodemon's magic leaks into the air.
The Executioner hits you but does no damage. x3
The golden eye blinks at you. You resist with almost no effort.
The golden eye blinks at you. You resist with almost no effort.
The titanic slime creature hits you!!!!
You die...

#### #...#
##....##
##X.###.#+
#.xG#.#X..
#xXGz....#
#.@2G2#XJX
##1JX##...
##XxX....
##XX###


.X#Gz x##G ..#X x.. You could see 2 cacodemons, an Executioner, a titanic slime
creature, a slime creature, a shining eye, 2 glowing orange brains, 12 large
abominations, 4 small abominations, 2 flying skulls, 2 golden eyes and a macabre
mass.

Vanquished Creatures
  A bone dragon (Abyss:1)
  Arachne (Spider:4)
  A tentacled monstrosity (Abyss:1)
  Jorgrun (Spider:2)
  A titan (Depths:2)
  A lich (Abyss:1)
  3 acid blobs (Depths:2)
  A kraken (Shoals:4)
  Frances (Shoals:2)
  4 tentacled starspawn (Abyss:1)
  Roxanne (Shoals:2)
  2 azure jellies (Depths:2)
  Ilsuiw (Shoals:4)
  A frost giant (D:15)
  An orc warlord (Orc:2)
  Louise (Spider:1)
  4 emperor scorpions
  A balrug (Depths:1)
  11 ghost moths
  8 very ugly things
  10 stone giants
  9 entropy weavers
  A green draconian (Abyss:1)
  Azrael (D:15)
  5 spark wasps
  4 ettins
  A death ooze (Depths:2)
  6 merfolk impalers
  Josephine (D:13)
  6 merfolk javelineers (Shoals:4)
  A minotaur (Lab)
  A quicksilver dragon zombie (Abyss:1)
  3 fire dragons (Depths:1)
  Fannar (Orc:1)
  7 great orbs of eyes
  8 hydras
  2 rakshasas
  7 ice dragons
  A spriggan air mage (Depths:2)
  3 merfolk avatars
  3 merfolk aquamancers (Shoals:4)
  4 centaur warriors
  2 catoblepae (D:14)
  An ogre mage (Orc:2)
  5 two-headed ogres
  A death knight (D:15)
  A deep troll shaman (Depths:2)
  3 satyrs
  8 tengu warriors
  A queen ant (Spider:4)
  A vampire mage (Depths:2)
  A deep troll earth mage (Depths:2)
  3 death yaks
  2 thrashing horrors (Abyss:1)
  3 orc high priests (Orc:2)
  A dancing weapon (Orc:2)
  A shock serpent (shapeshifter) (Depths:2)
  3 spriggan berserkers (Depths:2)
  A shock serpent (Depths:2)
  2 sun demons (Depths:1)
  A skeletal warrior (D:15)
  A wretched star (Abyss:1)
  3 iron trolls
  2 sixfirhies
  2 unseen horrors
  2 spatial maelstroms (Abyss:1)
  A kraken simulacrum (Shoals:4)
  2 deep trolls (Depths:2)
  8 sea snakes
  A wizard (Depths:1)
  2 lindwurms
  A phantasmal warrior (D:15)
  20 harpies
  4 deep elf magi
  17 orb spiders
  6 orc sorcerers
  8 orc knights
  7 cyclopes
  13 ugly things
  30 wolf spiders
  16 fauns
  A centaur zombie (D:13)
  13 manticores
  A worldbinder (Abyss:1)
  9 merfolk sirens
  An apocalypse crab (Abyss:1)
  Maurice (Orc:1)
  2 moths of wrath
  A smoke demon (Abyss:1)
  5 elephants (Lair:3)
  A torpor snail (Spider:1)
  4 water nymphs
  2 black mambas
  A gargoyle (D:10)
  An eye of devastation (Abyss:1)
  A dire elephant skeleton (Abyss:1)
  21 spiny frogs
  2 efreet (Abyss:1)
  15 demonic crawlers
  4 yaktaurs
  A kobold demonologist (D:14)
  3 tengu conjurers
  An ice devil (Abyss:1)
  5 komodo dragons
  An ancient zyme (Abyss:1)
  A queen bee (shapeshifter) (Depths:1)
  4 polar bears
  3 meliai (D:14)
  28 jumping spiders
  8 trolls
  A troll (shapeshifter) (D:13)
  28 merfolk
  4 tyrant leeches (Lair:6)
  14 hornets
  A hornet (shapeshifter) (D:15)
  11 slime creatures
  10 dream sheep
  3 wind drakes
  10 hippogriffs
  2 blink frogs (shapeshifter)
  17 blink frogs
  11 raiju
  3 snapping turtles
  10 large abominations
  9 water elementals
  98 redbacks
  A flying skull (Abyss:1)
  A spriggan (shapeshifter) (D:14)
  2 vampires
  2 shadows
  2 air elementals (Depths:2)
  3 spriggans (Depths:2)
  47 tarantellas
  7 wraiths
  3 ynoxinuls (Abyss:1)
  A black mamba zombie (Abyss:1)
  2 wyverns
  Grum (D:9)
  27 yaks
  4 basilisks
  10 small abominations
  2 fire elementals (D:15)
  A hog (shapeshifter) (Depths:2)
  19 starcursed masses (Abyss:1)
  A steam dragon (Lair:4)
  2 hungry ghosts
  2 chaos spawn (Abyss:1)
  A neqoxec (Abyss:1)
  Edmund (D:6)
  4 wargs
  A warg (shapeshifter) (Depths:1)
  6 vampire mosquitoes (Lair:6)
  6 spatial vortices (Abyss:1)
  3 insubstantial wisps (Abyss:1)
  19 soldier ants
  10 water moccasins
  11 porcupines
  46 orc warriors
  2 hell hounds (D:15)
  8 sky beasts
  A black bear (D:13)
  4 ice beasts
  5 eyes of draining
  A necrophage (D:10)
  10 wolves
  15 ogres
  3 phantoms
  15 centaurs
  14 crocodiles
  23 bullfrogs
  6 big kobolds
  A gnoll sergeant (D:7)
  A wyvern skeleton (D:9)
  7 scorpions
  21 killer bees
  6 electric eels
  6 wights (D:6)
  A troll skeleton (Abyss:1)
  5 howler monkeys
  7 crimson imps
  3 bullfrog zombies
  A quasit (Abyss:1)
  10 hounds
  8 jellies
  31 orc priests
  2 centaur skeletons
  34 orc wizards
  Jessica (D:2)
  3 bullfrog skeletons
  5 iguanas
  28 worker ants
  3 hound zombies
  A hound skeleton (D:11)
  A worker ant zombie (D:5)
  14 gnolls
  11 adders
  2 shadow imps
  A white imp (Abyss:1)
  2 oozes
  2 ufetubi (Abyss:1)
  An adder zombie (D:9)
  2 adder skeletons
  5 worms
  3 dart slugs
  5 leopard geckos
  135 orcs
  8 giant cockroaches
  5 goblins
  6 hobgoblins
  7 jackals
  3 quokkas
  2 ball pythons
  5 bats (D:1)
  6 frilled lizards
  34 kobolds
  A leopard gecko zombie (D:5)
  A quokka skeleton (D:4)
  7 rats
  3 fungi
  6 plants
  4 starspawn tentacles (Abyss:1)
  4 tentacles (Shoals:4)
1517 creatures vanquished.

Vanquished Creatures (collateral kills)
  An emperor scorpion (Spider:4)
  A merfolk avatar (Shoals:2)
  A satyr (Shoals:4)
  A sea snake (Shoals:2)
  A harpy (Shoals:4)
  A phantasmal warrior (D:15)
  An orb spider (Spider:3)
  2 cyclopes (Shoals:4)
  4 manticores (Shoals:4)
  2 fauns (Shoals:4)
  4 water nymphs
  A spiny frog (Lair:6)
  A tengu conjurer (D:15)
  3 merfolk (Shoals:4)
  A polar bear (shapeshifter) (D:15)
  A jumping spider (Spider:3)
  3 meliai (D:15)
  A blink frog (Lair:6)
  A redback (Spider:3)
  A crimson imp (D:15)
  A plant (Shoals:2)
33 creatures vanquished.

Vanquished Creatures (others)
  2 fauns (Shoals:2)
  A hornet (D:9)
  A yak (D:9)
  A hound (D:9)
  A jelly (D:15)
  17 fungi
  40 plants
  8 starspawn tentacles (Abyss:1)
  13 tentacles (Shoals:4)
84 creatures vanquished.

Grand Total: 1634 creatures vanquished

Notes
Turn   | Place    | Note
-------+----------+-------------------------------------------
     0 | D:1      | kuniqs the Minotaur Berserker began the quest for the Orb.
     0 | D:1      | Reached XP level 1. HP: 19/19 MP: 0/0
   132 | D:1      | Reached XP level 2. HP: 18/27 MP: 1/1
   500 | D:1      | Reached XP level 3. HP: 30/33 MP: 2/2
   697 | D:2      | Reached ** piety under Trog
   870 | D:2      | Noticed Jessica
   874 | D:2      | Killed Jessica
   964 | D:2      | Reached XP level 4. HP: 39/41 MP: 3/3
  1322 | D:3      | Reached XP level 5. HP: 27/47 MP: 4/4
  1531 | D:3      | Reached skill level 5 in Axes
  2008 | D:4      | Reached skill level 5 in Fighting
  2044 | D:4      | Reached *** piety under Trog
  2158 | D:4      | Reached XP level 6. HP: 51/56 MP: 5/5
  2549 | D:4      | Found a white marble altar of Elyvilon.
  2574 | D:4      | Found an ancient bone altar of Kikubaaqudgha.
  2574 | D:4      | Found a snail-covered altar of Cheibriados.
  2615 | D:5      | Entered Level 5 of the Dungeon
  2667 | D:5      | Reached XP level 7. HP: 57/63 MP: 6/6
  2711 | D:5      | Reached skill level 5 in Armour
  3320 | D:5      | Reached skill level 5 in Dodging
  3497 | D:6      | Found a glowing silver altar of Zin.
  3499 | D:6      | Noticed Edmund
  3507 | D:6      | Killed Edmund
  3553 | D:6      | Reached XP level 8. HP: 71/71 MP: 7/7
  3675 | D:6      | Reached **** piety under Trog
  3950 | D:6      | Got a pitted leather armour
  3989 | D:6      | Identified the cursed +1 leather armour of Xiphiqoj {rF+ Str+5} (You took it off a wight on level 6 of the Dungeon)
  4128 | D:6      | Identified the +3 short sword "Yschoetas" {flame, *Corrode +Fly rElec rN++} (You found it on level 6 of the Dungeon)
  4532 | D:7      | Reached XP level 9. HP: 67/81 MP: 8/8
  4678 | D:7      | Found a staircase to the Ecumenical Temple.
  4684 | Temple   | Entered the Ecumenical Temple
  4915 | D:7      | Found an ancient bone altar of Kikubaaqudgha.
  5501 | D:7      | Found a bloodstained altar of Trog.
  5691 | D:8      | Reached ***** piety under Trog
  6391 | D:8      | You fall through a shaft!
  6406 | D:9      | Noticed Grum
  6438 | D:9      | Reached XP level 10. HP: 80/92 MP: 3/9
  6444 | D:9      | Killed Grum
  6650 | D:9      | Reached skill level 10 in Fighting
  7087 | D:9      | Found a shimmering altar of Xom.
  7833 | D:10     | Entered Level 10 of the Dungeon
  7850 | D:10     | Noticed a cyan ugly thing
  7855 | D:10     | Received a gift from Trog
  7859 | D:9      | Reached skill level 10 in Axes
  8032 | D:10     | Noticed a gargoyle
  8042 | D:10     | Killed a gargoyle
  8167 | D:10     | Reached skill level 10 in Armour
  8177 | D:10     | Killed a cyan ugly thing
  8378 | D:10     | Found a staircase to the Lair.
  8747 | D:10     | Reached XP level 11. HP: 93/102 MP: 3/10
  9480 | D:11     | Noticed a seven-headed hydra
  9494 | D:11     | Killed a seven-headed hydra
  9838 | D:11     | Reached skill level 10 in Dodging
 10144 | D:11     | Found a staircase to the Orcish Mines.
 10495 | D:11     | Received a gift from Trog
 10910 | D:12     | Found a labyrinth entrance.
 10915 | Lab      | Entered a labyrinth
 10990 | Lab      | Noticed a minotaur
 11001 | Lab      | Killed a minotaur
 11040 | Lab      | Identified the Collected Works on Dark Flames
 11041 | Lab      | Got a jewelled battleaxe
 11042 | Lab      | Lost intelligence.
 11042 | Lab      | Identified the cursed +1 battleaxe of the Dungeon {protect, rN+ Str+2 Int-4} (You found it in a labyrinth)
 11052 | Lab      | Got a smoking copper amulet
 11056 | Lab      | Identified the amulet of the Establishment {RegenMP MR+ MP+9 Str-5} (You found it in a labyrinth)
 11081 | D:12     | Noticed a deep elf mage
 11092 | D:12     | Killed a deep elf mage
 12044 | D:13     | Noticed a tengu warrior
 12044 | D:13     | Noticed a tengu warrior
 12144 | Lair:1   | Entered Level 1 of the Lair of Beasts
 12149 | Lair:1   | Reached skill level 1 in Evocations
 12149 | Lair:1   | Reached XP level 12. HP: 89/113 MP: 3/11
 12333 | Lair:1   | Noticed a seven-headed hydra
 12346 | Lair:1   | Killed a seven-headed hydra
 12656 | Lair:1   | Gained mutation: You have supernaturally acute eyesight. (SInv) [potion of mutation]
 12656 | Lair:1   | Gained mutation: You are covered in fur. (AC +1) [potion of mutation]
 12656 | Lair:1   | Lost mutation: You have supernaturally acute eyesight. (SInv) [potion of mutation]
 12656 | Lair:1   | Gained mutation: You have large cloven feet. [potion of mutation]
 12927 | Lair:2   | Noticed a five-headed hydra
 12945 | Lair:2   | Killed a five-headed hydra
 13054 | Lair:2   | Found a staircase to the Shoals.
 13686 | Lair:3   | Found a hole to the Spider Nest.
 13867 | Lair:3   | Noticed a death yak
 13867 | Lair:3   | Noticed a death yak
 13895 | Lair:3   | Noticed a death yak
 13916 | Lair:2   | Killed a death yak
 13919 | Lair:2   | Killed a death yak
 13979 | Lair:3   | Killed a death yak
 14047 | Lair:3   | Reached XP level 13. HP: 114/122 MP: 5/15
 14496 | Lair:4   | Received a gift from Trog
 15576 | Lair:5   | Identified the Disquisition on Dislocated Summoning
 15790 | Lair:6   | Entered Level 6 of the Lair of Beasts
 15790 | Lair:6   | Found a staircase to the Slime Pits.
 15790 | Lair:6   | Found a viscous altar of Jiyva.
 15799 | Lair:6   | Reached skill level 5 in Evocations
 16428 | Lair:6   | Received a gift from Trog
 17444 | Orc:1    | Entered Level 1 of the Orcish Mines
 17444 | Orc:1    | Noticed Fannar
 17548 | Orc:1    | Killed Fannar
 17548 | Orc:1    | Reached XP level 14. HP: 133/133 MP: 5/17
 17628 | Orc:1    | Found a roughly hewn altar of Beogh.
 17685 | Orc:1    | Noticed Maurice
 17698 | Orc:1    | Killed Maurice
 17771 | Orc:1    | Reached ****** piety under Trog
 17773 | Orc:1    | Received a gift from Trog
 18048 | Orc:2    | Entered Level 2 of the Orcish Mines
 18901 | Orc:2    | Found a staircase to the Elven Halls.
 19149 | Orc:2    | Received a gift from Trog
 19361 | Orc:2    | Noticed an orc warlord
 19865 | Orc:2    | Killed an orc warlord
 19976 | Orc:2    | Reached skill level 15 in Fighting
 20032 | Orc:2    | Found Pauchoerph's Antique Armour Emporium.
 20033 | Orc:2    | Found Vyluntokh's Antique Weapon Shoppe.
 20035 | Orc:2    | Found Son Diso's General Store.
 20035 | Orc:2    | Found Iced's Jewellery Emporium.
 20432 | D:13     | Received a gift from Trog
 20468 | D:13     | Reached skill level 15 in Axes
 20486 | D:13     | Noticed Josephine
 20505 | D:13     | Killed Josephine
 20974 | D:13     | Found a gate to the Vaults.
 21019 | D:13     | Found a snail-covered altar of Cheibriados.
 21162 | D:14     | Reached XP level 15. HP: 127/141 MP: 6/20
 21640 | D:14     | Received a gift from Trog
 21838 | D:15     | Entered Level 15 of the Dungeon
 22010 | D:15     | Reached skill level 15 in Armour
 22040 | D:15     | Received a gift from Trog
 22303 | D:15     | Noticed Azrael
 22316 | D:15     | Killed Azrael
 22320 | D:15     | Noticed Sonja
 22322 | D:15     | Noticed Sonja
 22322 | D:15     | Sonja changed into Sonja the ogre
 22330 | D:15     | Killed Sonja the ogre
 22879 | D:15     | Found a staircase to the Depths.
 22879 | D:15     | Noticed a frost giant
 22885 | D:15     | Killed a frost giant
 23146 | Spider:1 | Entered Level 1 of the Spider Nest
 23474 | Spider:1 | Killed a ghost moth
 24053 | Spider:1 | Received a gift from Trog
 24319 | Spider:1 | Noticed Louise
 24335 | Spider:1 | Killed Louise
 24662 | Spider:1 | Reached XP level 16. HP: 151/152 MP: 22/22
 25223 | Spider:2 | Noticed Jorgrun
 25231 | Spider:2 | Killed Jorgrun
 25513 | Spider:2 | Paralysed by a hornet for 1 turns
 25902 | Spider:4 | Entered Level 4 of the Spider Nest
 26138 | Spider:3 | Reached skill level 10 in Evocations
 26193 | Spider:3 | Received a gift from Trog
 26193 | Spider:3 | Reached skill level 15 in Dodging
 27385 | Shoals:1 | Entered Level 1 of the Shoals
 27844 | Shoals:1 | Received a gift from Trog
 28216 | Shoals:2 | Noticed Frances
 28226 | Shoals:2 | Killed Frances
 28638 | Shoals:2 | Noticed Roxanne
 28671 | Shoals:2 | Reached XP level 17. HP: 149/161 MP: 7/23
 28682 | Shoals:2 | Killed Roxanne
 28683 | Shoals:2 | Identified Roxanne's Reference Book on the Mountains (You took it off Roxanne on level 2 of the Shoals)
 29821 | Shoals:4 | Entered Level 4 of the Shoals
 29897 | Shoals:4 | Got a jewelled war axe {vamp}
 29902 | Shoals:4 | Identified the cursed +3 war axe "Goajatz" {vamp, rN+ Int+3 Stlth-} (You took it off a merfolk on level 4 of the Shoals)
 30060 | Shoals:4 | Found a runed door.
 30152 | Shoals:4 | Received a gift from Trog
 30174 | Shoals:4 | Got a barnacled rune of Zot
 30299 | Shoals:4 | Found Qeodgh's Gadget Boutique.
 30302 | Shoals:4 | Identified a scroll of acquirement
 30329 | Shoals:4 | Got a distressingly furry shield
 30337 | Shoals:4 | Identified the +0 shield "Juiguc" {rCorr Dex+3} (You acquired it on level 4 of the Shoals)
 30439 | Shoals:4 | Noticed Ilsuiw
 30466 | Shoals:4 | Killed Ilsuiw
 31011 | Shoals:4 | Noticed a kraken
 31027 | Shoals:4 | Killed a kraken
 31225 | Shoals:4 | Received a gift from Trog
 31430 | Shoals:4 | Identified Sif Muna's Grimoire of Air
 31994 | Spider:3 | Reached XP level 18. HP: 77/173 MP: 0/24
 32430 | Spider:4 | Received a gift from Trog
 32625 | Spider:4 | Noticed Arachne
 32811 | Spider:4 | Killed Arachne
 33520 | Spider:4 | Got a gossamer rune of Zot
 34552 | D:13     | Received a gift from Trog
 34652 | Depths:1 | Entered Level 1 of the Depths
 35214 | Depths:1 | Reached XP level 19. HP: 183/183 MP: 8/25
 35668 | Depths:1 | Found a gateway to Hell.
 36449 | Depths:2 | Received a gift from Trog
 36903 | Depths:2 | Found Daddiofo's Assorted Antiques.
 36926 | Depths:2 | Bought a pair of heavily runed gloves for 266 gold pieces
 36936 | Depths:2 | Identified the +1 pair of gloves "Orikhluur" {rPois} (You bought it in a shop on level 2 of the Depths)
 36937 | Depths:2 | Bought a scroll of recharging for 266 gold pieces
 36937 | Depths:2 | Bought a scroll of magic mapping for 98 gold pieces
 36937 | Depths:2 | Bought a scroll of teleportation for 84 gold pieces
 37008 | Depths:2 | Found a gateway to a ziggurat.
 37147 | Depths:2 | Found Tobruhet's Antique Armour Shop.
 37168 | Depths:2 | Bought a pair of embroidered boots for 195 gold pieces
 37168 | Depths:2 | Bought an embroidered cloak for 195 gold pieces
 37201 | Depths:2 | Identified a +0 pair of boots of running (You bought it in a shop on level 2 of the Depths)
 37607 | Depths:2 | Found Masazywn's Assorted Antiques.
 37613 | Depths:2 | Bought a potion of curing for 126 gold pieces
 37613 | Depths:2 | Bought a twisted battleaxe for 483 gold pieces
 37613 | Depths:2 | Bought a scroll of identify for 84 gold pieces
 37613 | Depths:2 | Identified the +1 battleaxe of Othruid {flame, rPois rC+ rN++ Int-5} (You bought it in a shop on level 2 of the Depths)
 37639 | Depths:2 | Found a one-way gate to the infinite horrors of the Abyss.
 37767 | Depths:2 | Voluntarily entered the Abyss.
 37769 | Abyss:1  | Got a clouded brass ring
 37771 | Abyss:1  | Identified the ring "Yxiegaiq" {Wiz +Blink rC- SInv} (You found it on level 1 of the Abyss)
 38279 | Abyss:1  | Noticed a bone dragon
 38290 | Abyss:1  | Received a gift from Trog
 38293 | Abyss:1  | Reached XP level 20. HP: 170/193 MP: 8/26
 38309 | Abyss:1  | Killed a bone dragon
 38520 | Abyss:1  | Found a corrupted altar of Lugonu.
 38992 | Abyss:1  | Gained mutation: Armour fits poorly on your strangely shaped body. [a neqoxec]
 38994 | Abyss:1  | Gained mutation: You occasionally shout uncontrollably at your foes. [a neqoxec]
 39030 | Abyss:2  | Found a corrupted altar of Lugonu.
 39084 | Abyss:3  | Demolished by a titanic slime creature

Vault maps used:
D:1:      dpeg_arrival_solitude
D:2:      uniq_jessica
D:3:      minmay_misc_feat_room, serial_bayou_pond_d, kennysheep_generic_room_8
D:4:      elyvilon_altar_4, amethyst_overflow_temple_binary, first_bread
D:6:      lemuel_crystal_altar, minmay_misc_feat_more_columns,
          minmay_small_thing, uniq_edmund
D:7:      minmay_temple_entry_statues_pillars, basic_altar, grunt_ogre_cave,
          hex_medium, minivault_24, trog_eyes_of_draining
D:8:      fountainhead, minmay_unpleasant_kobolds
D:9:      xom_confusion_cloud, uniq_grum
D:10:     minmay_lair_entry_grove, st_stairs_3, nicolae_wwwww
D:11:     erik_orc_2
D:12:     lab_entry_generic
D:13:     david_vaults_4, minmay_misc_feat_four_crosses, nrook_mini_vaults,
          cheibriados_altar_1, uniq_josephine
D:14:     hangedman_decor_opposing
D:15:     grunt_enter_depths_snipers, nicolae_benzene_ring, uniq_sonja,
          uniq_azrael
Temple:   compressed_dpeg_circular_temple
Lair:2:   elwin_shoals_entry_rocks, minmay_lair_oklob_chamber,
          lemuel_fruit_tree, infiniplex_staircase_pool_2
Lair:3:   spider_nest_entry_webs, grunt_megastairs_2, lemuel_fruit_fields
Lair:6:   minmay_lair_end_frog_pond, slime_altar_1, serial_bayou_shore_b,
          serial_bayou_shore_b, infiniplex_staircase_pool
Shoals:2: uniq_roxanne, uniq_frances
Shoals:4: shoals_end_grunt_ice, shoals_ilsuiw_alternative, serial_shops,
          nicolae_shop_temple_entry_statues_fountains, lightli_airlock
Spider:1: uniq_louise
Spider:2: spiders_nest_scorpion_pit, hangedman_spider_tarantella_strand,
          uniq_jorgrun
Spider:4: johnstein_spider_rune_arachne_lair, zaba_antful_of_joy
Orc:1:    basic_altar, uniq_fannar, uniq_maurice
Orc:2:    st_orc_congregation, nicolae_orc_crystal_geode
Depths:1: lightli_too_deep, minmay_misc_feat_iff, serial_sigils_hangedman_shear,
          water_maze_lemuel
Depths:2: minmay_shoctagon, enter_ziggurat_b, special_room,
          infiniplex_staircase_pillars_2, serial_shops, shop_statue,
          kennysheep_little_box, shop, hell_entry, hangedman_abyss_entry_splay,
          grunt_ministairs_13
Abyss:1:  small_statue_intersection
Abyss:3:  hangedman_abyss_monster_moat, hangedman_stitches_earthworm,
          hangedman_abyss_rune_macabre_mess, evilmike_abyss_exit_16
Lab:      labyrinth_mini_lab, nicolae_lab_flowing_pool, nicolae_lab_grate,
          nicolae_lab_plus, nicolae_lab_very_dead_end, nicolae_lab_lava

Skill      XL: |  1  2  3  4  5  6  7  8  9 10 11 12 13 14 15 16 17 18 19 20 |
---------------+-------------------------------------------------------------+-----
Axes           | 4 5 6 7 9 10 12 13 14 15 16 17 18 19 20 | 20.2
Armour         | 3 4 5 7 8 10 11 12 13 14 15 16 17 19 20 | 20.1
Fighting       | 4 5 6 8 9 11 12 13 14 15 16 17 18 19 20 | 20.5
Dodging        | 3 4 5 6 8 9 10 11 12 13 14 15 16 17 18 | 18.8
Evocations     | 1 4 6 8 9 10 | 10.0

Action                   |  1- 3 |  4- 6 |  7- 9 | 10-12 | 13-15 | 16-18 | 19-21 || total
-------------------------+-------+-------+-------+-------+-------+-------+-------++-------
Melee: Hand axe          |    54 |   128 |   335 |   713 |    53 |       |       ||  1283
       Headbutt          |     4 |    14 |    82 |   198 |   269 |   366 |   188 ||  1121
       Short sword       |       |       |    11 |    28 |       |       |       ||    39
       Trident           |       |       |       |    11 |    50 |       |       ||    61
       Battleaxe         |       |       |       |       |  1122 |  1395 |   620 ||  3137
Invok: Berserk           |       |       |     4 |    18 |    28 |    19 |    11 ||    80
       Trog's Hand       |       |       |       |     4 |     1 |     4 |     3 ||    12
       Burn Spellbooks   |       |       |       |     4 |     4 |     5 |     4 ||    17
       Brothers in Arms  |       |       |       |     3 |     2 |     8 |       ||    13
Evoke: Wand              |       |       |     2 |     7 |     2 |    11 |     2 ||    24
       Sack of spiders   |       |       |       |       |       |     1 |       ||     1
  Use: Scroll            |     2 |     2 |    11 |     7 |    11 |    19 |     5 ||    57
       Potion            |       |     2 |       |     3 |     2 |     7 |     4 ||    18
 Stab: Confused          |       |       |     1 |     1 |       |     3 |       ||     5
       Distracted        |       |       |       |       |       |     1 |       ||     1
       Held in net/web   |       |       |       |       |       |     8 |       ||     8
  Eat: Chunk             |       |     6 |    15 |    38 |    55 |    47 |    21 ||   182
       Royal jelly       |       |       |       |     3 |     2 |     5 |     1 ||    11
       Meat ration       |       |       |       |       |     1 |     1 |       ||     2
Armor: Animal skin       |    10 |       |       |       |       |       |       ||    10
       Ring mail         |     1 |     4 |       |       |       |       |       ||     5
       Scale mail        |       |     5 |       |       |       |       |       ||     5
       Plate armour      |       |    53 |   189 |   421 |   772 |  1089 |   313 ||  2837
Dodge: Dodged            |    32 |    58 |   141 |   446 |   931 |  1193 |   394 ||  3195
Block: Buckler           |       |       |       |    13 |       |       |       ||    13
